 Dungeon Crawl Stone Soup version 0.31.0-12-g77e489cdc1 (webtiles) character file.

Game seed: 4706198790814513912

1161 Kritzelei the Covered (level 8, -2/64 (67) HPs)
             Began as a Formicid Fighter on Feb 15, 2024.
             Slain by a killer bee (4 damage)
             ... on level 5 of the Dungeon.
             The game lasted 00:06:35 (3893 turns).

Kritzelei the Covered (Formicid Fighter)            Turns: 3893, Time: 00:06:36

HP:   -2/64 (67)    AC: 12    Str: 24 (27) XL:     8   Next: 67%
MP:   17/17         EV:  8    Int:  5 (8)  God:
Gold: 284           SH:  6    Dex: 17 (19) Spells: 7/7 levels left

rFire   . . .        v - +7 short sword of Gahiq {speed, Will+ Str+4}
rCold   . . .        c - +0 buckler
rNeg    . . .        f - +0 chain mail
rPois   .            (helmet unavailable)
rElec   .            A - scarf {repulsion}
rCorr   .            (no gloves)
SInv    +            w - +0 pair of boots
Will    +....        t - amulet of faith {!P} Stlth
                     D - +6 ring of dexterity
HPRegen 0.30/turn    M - ring of magical power
MPRegen 0.15/turn

%: repel missiles, faith
@: lethally poisoned (-2 -> -9), lightly drained
A: permanent stasis, dig shafts and tunnels, antennae 3, four strong arms
a: Dig, Shaft Self


You were on level 5 of the Dungeon.
You visited 1 branch of the dungeon, and saw 6 of its levels.

You collected 284 gold pieces.


Innate Abilities, Weirdness & Mutations

You cannot be hasted, slowed, berserked, paralysed or teleported.
You can dig through walls and to a lower floor.
You have a pair of large antennae on your head. (SInv)
Your four strong arms can wield two-handed weapons with a shield.


   Skills:
 - Level 7.0 Fighting
 - Level 4.0 Polearms
 + Level 7.4 Armour
 - Level 5.0 Shields
 - Level 3.0 Evocations


You had 7 spell levels left.
You didn't know any spells.
Your spell library contained the following spells:

 Spells                   Type           Power      Damage    Failure   Level
 Shock                    Conj/Air       0%         1d3       97%         1
 Call Imp                 Summ           0%         N/A       99%         2
 Mercury Vapours          Alch/Air       0%         N/A       99%         2
 Sublimation of Blood     Necr           0%         N/A       99%         2
 Mephitic Cloud           Conj/Alch/Air  0%         N/A       100%        3
 Airstrike                Air            0%         2d(0-16)  100%        4
 Freezing Cloud           Conj/Ice/Air   0%         6-21      100%        5
 Summon Hydra             Summ           0%         N/A       100%        7
 Swiftness                Air            Unusable   N/A       N/A         3

Inventory:

Hand Weapons
 a - a +0 trident
 v - the +7 short sword of Gahiq (weapon) {speed, Will+ Str+4}
   (You found it on level 2 of the Dungeon)

   Str+4:     It affects your strength (+4).
   Will+:     It increases your willpower.
Missiles
 o - 2 javelins
Armour
 b - a +0 scale mail
 c - a +0 buckler (worn)
 f - a +0 chain mail (worn)
 w - a +0 pair of boots (worn)
 A - a scarf of repulsion (worn)
Jewellery
 j - an amulet of guardian spirit
 t - an amulet of faith (around neck) {!P}
 D - a +6 ring of dexterity (left hand)
 M - a ring of magical power (right hand)
Wands
 y - a wand of flame (43)
Scrolls
 e - a scroll of fear {unknown}
 g - a scroll of amnesia {unknown}
 i - a scroll of teleportation {unknown}
 l - 4 scrolls of blinking {unknown}
 n - 6 scrolls of identify {unknown}
 p - a scroll of noise {unknown}
 q - 2 scrolls of immolation {unknown}
 r - a scroll of enchant weapon {unknown}
 s - 2 scrolls of poison {unknown}
 x - 3 scrolls of revelation {unknown}
 B - 3 scrolls of enchant armour {unknown}
 C - a scroll of vulnerability {unknown}
Potions
 d - 4 potions of might
 h - a potion of curing {@q1}
 k - a potion of degeneration
 m - a potion of attraction {unknown}
 u - 2 potions of heal wounds {unknown}
 z - 2 potions of ambrosia {unknown}

Dungeon Overview and Level Annotations

Branches:
Dungeon (6/15)
 Temple: D:4-7

Altars:
Qazlal
Sif Muna
Yredelemnul
The Shining One

Shops:
D:3 : D:4

* ...#
#....≈≈≈....#..#.#
####
##...≈≈≈≈≈...##.#.#
#...≈≈.[.≈≈...#.#.#
#...≈≈.>.≈≈...#.#.#
#...≈≈...≈≈...#.#.#
##...≈≈≈≈≈...##...#
#....≈≈≈....#..###
##.........###.#
##.......@###.#
###...###yy..#
#...##.y####
#...##.## ##.###.#
#.....# #######


You could see 3 killer bees.


Message History

The killer bee stings you.
* * * LOW HITPOINT WARNING * * *
It was a potion of curing.
You feel better. The killer bee stings you.
* * * LOW HITPOINT WARNING * * *
The killer bee stings you but does no damage.
You block the killer bee's attack. x2; The killer bee barely misses you. x2
Unknown command.
Use which ability? (? or * to list)
You extend your mandibles.
You dig through the rock wall.
You feel drained.
You retract your mandibles.
You closely miss the killer bee.
The killer bee stings you but does no damage.
Unknown command.
You hit the killer bee.
The killer bee is moderately wounded.
The killer bee stings you.
* * * LOW HITPOINT WARNING * * *
You block the killer bee's attack.
Unknown command.
You hit the killer bee.
The killer bee is severely wounded.
The killer bee stings you!
* * * LOW HITPOINT WARNING * * *
You are lethally poisoned!
The killer bee poisons you!
You completely miss the killer bee.
The killer bee is severely wounded.
* * * LOW HITPOINT WARNING * * *
You feel sick. The killer bee stings you.
You die...

Skill      XL: |  1  2  3  4  5  6  7  8 |
---------------+-------------------------+-----
Fighting       | 4 6 7 |  7.0
Armour         | 4 5 6 7 |  7.4
Polearms       | 3 4 |  4.0
Shields        | 5 |  5.0
Evocations     | 2 3 |  3.0

Action                     |  1- 3 |  4- 6 |  7- 9 || total
---------------------------+-------+-------+-------++-------
  Melee: Trident           |    87 |    44 |       ||   131
         Short sword       |       |    41 |   152 ||   193
Ability: Dig               |       |       |     1 ||     1
  Evoke: Wand              |       |       |     4 ||     4
    Use: Potion            |       |       |     2 ||     2
 Armour: Scale mail        |     6 |       |       ||     6
         Chain mail        |    39 |    38 |   103 ||   180
  Dodge: Dodged            |    26 |    16 |    39 ||    81
  Block: Buckler           |    17 |    20 |    45 ||    82

Levels and vault maps discovered:
D:1:      minmay_arrival_split_and_join, layout_basic, serial_bayou_ford_a
D:2:      layout_basic, minmay_pentomino_pile, uniq_robin
D:3:      layout_basic, serial_shops, shop, hex_medium, uniq_grinder,
          uniq_terence
D:4:      layout_cave_pools, nicolae_shop_gadgets, uniq_ijyb
D:5:      layout_basic, nicolae_qazlal_eye_of_the_storm, tgw_sif,
          mainiacjoe_overflow_cross_hatched
D:6:      layout_basic, overflow_temple_1_default, serial_shops, shop,
          uniq_jeremiah

Notes
Turn   | Place    | Note
-------+----------+-------------------------------------------
     0 | D:1      | Kritzelei the Formicid Fighter began the quest for the Orb.
     0 | D:1      | Reached XP level 1. HP: 18/18 MP: 1/1
    91 | D:1      | Reached XP level 2. HP: 25/25 MP: 2/2
   215 | D:1      | Reached skill level 4 in Fighting
   332 | D:1      | Reached XP level 3. HP: 30/30 MP: 3/3
   745 | D:2      | Reached skill level 4 in Armour
   832 | D:2      | Identified the +7 short sword of Gahiq {speed, Will+ Str+4}
   972 | D:2      | Noticed Robin
   993 | D:2      | Killed Robin
   994 | D:2      | Reached XP level 4. HP: 37/37 MP: 4/4
  1007 | D:2      | Reached skill level 3 in Polearms
  1388 | D:3      | Noticed Terence
  1395 | D:3      | Killed Terence
  1400 | D:3      | Reached XP level 5. HP: 42/42 MP: 5/5
  1466 | D:3      | Found Beneis's Book Shoppe.
  1527 | D:3      | Noticed Grinder
  1546 | D:3      | Killed Grinder
  1547 | D:3      | Reached skill level 6 in Fighting
  1547 | D:3      | Reached skill level 4 in Polearms
  1547 | D:3      | Reached XP level 6. HP: 39/52 MP: 6/6
  1925 | D:4      | Reached skill level 5 in Armour
  1925 | D:4      | Reached XP level 7. HP: 43/58 MP: 7/7
  2069 | D:4      | Noticed Ijyb
  2083 | D:4      | Killed Ijyb
  2241 | D:4      | Found Jaocwiro's Gadget Gallery.
  2572 | D:5      | Entered Level 5 of the Dungeon
  2613 | D:5      | Reached skill level 6 in Armour
  2873 | D:5      | Found a shimmering blue altar of Sif Muna.
  2973 | D:5      | Found a stormy altar of Qazlal.
  3016 | D:5      | Reached skill level 5 in Shields
  3052 | D:5      | Reached skill level 1 in Evocations
  3064 | D:5      | Reached skill level 2 in Evocations
  3064 | D:5      | Reached XP level 8. HP: 33/64 MP: 8/8
  3068 | D:5      | Reached skill level 3 in Evocations
  3470 | D:5      | Reached skill level 7 in Fighting
  3601 | D:5      | Found a basalt altar of Yredelemnul.
  3623 | D:5      | Reached skill level 7 in Armour
  3777 | D:6      | Found a glowing golden altar of the Shining One.
  3887 | D:5      | HP: 6/67 [killer bee (6)]
  3892 | D:5      | HP: 4/64 [killer bee (7)]
  3893 | D:5      | Slain by a killer bee

Vanquished Creatures
  Grinder (D:3)
  A black bear (D:5)
  An ogre (D:5)
  2 phantoms (D:5)
  3 scorpions
  A gnoll bouda (D:5)
  A hound (D:6)
  An orc wizard (D:5)
  Ijyb (D:4)
  5 iguanas
  Terence (D:3)
  Robin (D:2)
  5 adders
  5 gnolls (D:5)
  2 ribbon worms (D:2)
  2 dart slugs (D:1)
  An orc (D:6)
  2 ball pythons (D:2)
  9 endoplasms
  4 giant cockroaches
  14 goblins
  8 hobgoblins
  4 quokkas
  2 bats
  2 frilled lizards
  3 kobolds
  5 rats
87 creatures vanquished.

Table legend: (Time is in decaauts)
 A = Elapsed time spent in this place.
 B = Non-inter-level travel time spent in this place.
 C = Inter-level travel time spent in this place.
 D = Time resting spent in this place.
 E = Time spent auto-exploring this place.
 F = Levels seen in this place.
 G = Mean time per level.
                   A        B        C        D        E       F      G
               +--------+--------+--------+--------+--------+-----+--------+
         Total |   3871 |   3773 |     98 |    450 |   2614 |   6 |  645.2 |
       Dungeon |   3871 |   3773 |     98 |    450 |   2614 |   6 |  645.2 |
               +--------+--------+--------+--------+--------+-----+--------+

Top non-repeatable levels by time:
     D:5: 1170 daAuts
     D:1: 738 daAuts
     D:4: 701 daAuts
     D:2: 620 daAuts
     D:3: 529 daAuts
     D:6: 110 daAuts

Table legend:
 A = Non-vault XP
 B = Vault XP
 C = Vault XP percentage of total XP
 D = Non-vault monster count
 E = Vault monster count
 F = Vault count percentage of total count
                 A         B        C        D         E       F
            +---------+---------+-------+---------+---------+-------
      Total |    1202 |     457 |  27.5 |      67 |      20 |  23.0
            +---------+---------+-------+---------+---------+-------
        D:1 |      33 |       0 |   0.0 |      16 |       0 |   0.0
        D:2 |      24 |      45 |  65.2 |      12 |      16 |  57.1
        D:3 |      10 |     341 |  97.2 |       6 |       2 |  25.0
        D:4 |     122 |      35 |  22.3 |       9 |       1 |  10.0
        D:5 |     906 |      36 |   3.8 |      19 |       1 |   5.0
        D:6 |     107 |       0 |   0.0 |       5 |       0 |   0.0
            +---------+---------+-------+---------+---------+-------
